 Dungeon Crawl Stone Soup version 0.30.1-11-g7821555f0a (webtiles) character file.

Game seed: 6255368383325716366

4 grail the Shooter (level 1, 0/16 HPs)
             Began as a Human Hunter on Jan 5, 2024.
             Slain by a quokka (2 damage)
             ... on level 1 of the Dungeon.
             The game lasted 00:01:33 (132 turns).

grail the Shooter (Human Hunter)                     Turns: 132, Time: 00:01:33

Health: 0/16       AC:  3    Str: 11    XL:     1   Next: 77%
Magic:  1/1        EV: 12    Int:  9    God:
Gold:   14         SH:  0    Dex: 16    Spells: 0/0 levels left

rFire   . . .        a - +0 shortbow
rCold   . . .        (shield currently unavailable)
rNeg    . . .        c - +0 leather armour
rPois   .            (no helmet)
rElec   .            (no cloak)
rCorr   .            (no gloves)
SInv    .            (no boots)
Will    .....        (no amulet)
Stlth   ++           (no ring)
HPRegen 0.22/turn    (no ring)
MPRegen 0.07/turn

%: no passive effects
@: no status effects
A: no striking features
a: no special abilities


You were on level 1 of the Dungeon.
You visited 1 branch of the dungeon, and saw 1 of its levels.

You collected 14 gold pieces.

Inventory:

Hand Weapons
 a - a +0 shortbow (weapon)
Armour
 c - a +0 leather armour (worn)
Scrolls
 b - a scroll of immolation


   Skills:
 + Level 2.0 Fighting
 + Level 4.2 Ranged Weapons
 + Level 2.0 Dodging
 + Level 1.0 Stealth


You couldn't memorise any spells.
You didn't know any spells.
Your spell library was empty.

Dungeon Overview and Level Annotations

Branches:
Dungeon (1/15)

Altars:


Message History

A bat comes into view.
The hobgoblin hits you.
An endoplasm comes into view.
You shoot an arrow. The arrow closely misses the hobgoblin.
The endoplasm quivers.
The hobgoblin hits you. The hobgoblin misses you.
You shoot an arrow. The arrow hits the hobgoblin.
The hobgoblin is heavily wounded.
The bat hits you but does no damage. The hobgoblin hits you.
You shoot an arrow. The arrow barely misses the hobgoblin.
The bat misses you. The hobgoblin closely misses you.
A quokka comes into view.
The hobgoblin barely misses you.
You shoot an arrow. The arrow barely misses the hobgoblin.
The bat hits you.
The hobgoblin hits you but does no damage.
You shoot an arrow. The arrow barely misses the hobgoblin.
The arrow hits the endoplasm.
The endoplasm is moderately wounded.
The bat hits you but does no damage. The bat closely misses you.
The hobgoblin completely misses you.
You shoot an arrow. The arrow hits the hobgoblin!
You kill the hobgoblin!
The bat closely misses you. The endoplasm freezes you.
You are frozen.
* * * LOW HITPOINT WARNING * * *
The endoplasm misses you. The bat hits you but does no damage.
The bat attacks as you move away! The bat closely misses you.
The bat hits you but does no damage. x2
The bat attacks as you move away! The bat closely misses you.
The bat misses you. The endoplasm attacks as you move away!
The endoplasm closely misses you. The bat hits you.
* * * LOW HITPOINT WARNING * * *
The bat barely misses you. The endoplasm attacks as you move away!
The endoplasm barely misses you. The bat hits you but does no damage.
The quokka attacks as you move away! The quokka bites you.
You die...

+#..#.....#..#
.......##.#.#####.##
........#...#.....#
........#####.###.# #
..........## #..# ..
......⌠....+## #.## #+...
.....=.......###'###.....
.........................
.............Jr@.†.......
............b............
.....#####.†..###########
#### #.....##..#
.##..#.#.#.# #$.# ..#...#
...# .#.#.#.# ###.
#...#...# # # #.#.#.#


You could see an endoplasm, a quokka and a bat.

Vanquished Creatures
  A ball python (D:1)
  A giant cockroach (D:1)
  A hobgoblin (D:1)
  A rat (D:1)
4 creatures vanquished.

Notes
Turn   | Place    | Note
-------+----------+-------------------------------------------
     0 | D:1      | grail the Human Hunter began the quest for the Orb.
     0 | D:1      | Reached XP level 1. HP: 16/16 MP: 1/1
   132 | D:1      | Slain by a quokka

Illustrated notes

Levels and vault maps discovered:
D:1:      nicolae_arrival_somewhat_less_tricky_arrival, layout_rooms,
          shapermc_ecumenical_altar_flowoftime, kennysheep_crisscross

Action                     || total
---------------------------++-------
   Fire: Shortbow          ||    20
 Armour: Leather armour    ||    19
  Dodge: Dodged            ||    42
